 Dungeon Crawl Stone Soup version 0.28.0-45-g0d030f2227 (webtiles) character file.

Game seed: 3819355995778235389

225 GigaChad the Slasher (level 5, 0/45 HPs)
             Began as a Minotaur Gladiator on Apr 20, 2022.
             Was an Initiate of Ashenzari.
             Succumbed to a scorpion's poison
             ... on level 4 of the Dungeon.
             The game lasted 00:07:58 (1848 turns).

GigaChad the Slasher (Minotaur Gladiator)           Turns: 1848, Time: 00:07:59

Health: 0/45       AC:  5    Str: 18    XL:     5   Next: 68%
Magic:  4/4        EV: 12    Int:  5    God:    Ashenzari [......]
Gold:   77         SH:  0    Dex: 14    Spells: 4/4 levels left

rFire   . . .      SeeInvis .   a - +1 long sword "Ruined Anxiety" {Comp, Elem} (curse)
rCold   . . .      Faith    .   (no shield)
rNeg    . . .      Spirit   .   e - +0 ring mail
rPois   .          Reflect  .   c - +0 hat
rElec   .          Harm     .   (no cloak)
rCorr   .          Rampage  .   (no gloves)
Will    .....                   (no boots)
Stlth   +.........              (no amulet)
HPRegen 0.15/turn               (no ring)
MPRegen 0.09/turn               (no ring)

@: lethally poisoned (0 -> -7), about to teleport
A: horns 2, retaliatory headbutt
a: Renounce Religion, Curse Item, Shatter the Chains


You were on level 4 of the Dungeon.
You worshipped Ashenzari.
Ashenzari was noncommittal.
You visited 1 branch of the dungeon, and saw 4 of its levels.

You collected 77 gold pieces.

Inventory:

Hand Weapons
 a - the cursed +1 long sword "Ruined Anxiety" (weapon) {Comp, Elem}

   It has a curse which improves the following skills: Companions: Summonings
   and Necromancy.
   Elements:  Fire Magic, Ice Magic, Air Magic and Earth Magic.
 j - a +2 dagger of protection
Missiles
 d - 3 throwing nets (quivered)
Armour
 b - a +0 leather armour
 c - a +0 hat (worn)
 e - a +0 ring mail (worn)
 o - a +0 pair of gloves
Magical Staves
 g - a staff of earth
Jewellery
 k - a ring of protection from cold
 m - a ring of wizardry
Scrolls
 n - a scroll of enchant weapon
 p - a scroll of vulnerability {unknown}
Potions
 f - a potion of degeneration {unknown}
 h - a potion of haste
 l - 3 potions of curing {unknown}


   Skills:
 + Level 3.5 Fighting
 + Level 5.8 Long Blades
 + Level 2.1 Throwing
 + Level 2.6 Armour
 + Level 4.1 Dodging
 + Level 0.6 Stealth


You had 4 spell levels left.
You didn't know any spells.
Your spell library contained the following spells:

 Spells                   Type           Power      Damage    Failure   Level
 Sting                    Tmut/Pois      0%         1d3       67%         1
 Poisonous Vapours        Pois/Air       0%         N/A       80%         2
 Tukima's Dance           Hex            0%         N/A       95%         3
 Anguish                  Hex/Necr       0%         N/A       100%        4
 Olgreb's Toxic Radiance  Pois           0%         N/A       100%        4
 Enfeeble                 Hex            0%         N/A       100%        7


Dungeon Overview and Level Annotations

Branches:
Dungeon (4/15)
 Temple: D:4-7

Altars:
Ashenzari

Shops:
D:2 :


Innate Abilities, Weirdness & Mutations

You have a pair of horns on your head.
You reflexively headbutt those who attack you in melee.


Message History

The scorpion is severely wounded.
You feel sick. The scorpion stings you.
You are more poisoned.
The scorpion poisons you! The hobgoblin barely misses you.
The scorpion stings you.
You are lethally poisoned!
The scorpion poisons you! The hobgoblin misses you.
You hit the scorpion.
You kill the scorpion!
You feel extremely sick.
The quokka bites you but does no damage.
The hobgoblin hits you but does no damage.
The quokka barely misses you.
A dart slug comes into view.
Found a green potion.
You feel very sick. The quokka barely misses you. You furiously retaliate!
You headbutt the quokka!
You kill the quokka!
The hobgoblin barely misses you. The dart slug launches a dart at you.
The slug dart misses you.
You see here a scorpion corpse.
You hit the hobgoblin. You headbutt the hobgoblin.
You kill the hobgoblin!
* * * LOW HITPOINT WARNING * * *
You feel very sick.
Found 27 stones.
* * * LOW HITPOINT WARNING * * *
You feel very sick.
A necrophage comes into view.
* * * LOW HITPOINT WARNING * * *
You feel very sick. The dart slug launches a dart at you.
The slug dart hits you.
* * * LOW HITPOINT WARNING * * *
As you read the scroll of teleportation, it crumbles to dust.
You feel strangely unstable.
* * * LOW HITPOINT WARNING * * *
You feel sick.
You die...

#.......##...........
.......###..............
.......# #...........(..
......####............#
......###............##.
......##................
........................
#.......................
##...........†..@.......
#...........>...........
#.......................
#.......................
#............##...$.....
............n##.........
#............###w#......
!...... .........


You could see a necrophage and a dart slug.

Vanquished Creatures
  A scorpion (D:4)
  A hound (D:4)
  A jelly (D:4)
  Jessica (D:3)
  2 adders (D:3)
  A worm (D:2)
  A dart slug (D:1)
  An orc (D:3)
  5 ball pythons
  3 endoplasms
  3 giant cockroaches
  8 goblins
  5 hobgoblins
  4 quokkas
  5 bats
  2 frilled lizards
  7 kobolds
  4 rats
55 creatures vanquished.

Notes
Turn   | Place    | Note
-------+----------+-------------------------------------------
     0 | D:1      | GigaChad the Minotaur Gladiator began the quest for the
                  | Orb.
     0 | D:1      | Reached XP level 1. HP: 18/18 MP: 0/0
   278 | D:1      | Reached XP level 2. HP: 25/25 MP: 1/1
   421 | D:1      | You fall into a shaft and drop 1 floor!
   430 | D:2      | Found Fosargh's Book Shop.
   542 | D:2      | Found a faded altar of an unknown god.
   552 | D:2      | Reached skill level 4 in Long Blades
   557 | D:2      | Prayed at the altar of an unknown god.
   557 | D:2      | Became a worshipper of Ashenzari the Shackled
   869 | D:2      | Reached XP level 3. HP: 22/30 MP: 2/2
  1230 | D:3      | Reached skill level 1 in Armour
  1672 | D:3      | Reached XP level 4. HP: 32/38 MP: 3/3
  1715 | D:3      | Noticed Jessica
  1719 | D:3      | Killed Jessica
  1775 | D:4      | Reached skill level 5 in Long Blades
  1778 | D:4      | Reached XP level 5. HP: 38/45 MP: 4/4
  1845 | D:4      | Noticed a necrophage
  1847 | D:4      | HP: 2/45 [poisoned by a scorpion]
  1848 | D:4      | Succumbed to a scorpion's poison

Illustrated notes

Levels and vault maps discovered:
D:1:      minmay_arrival_doors, layout_basic
D:2:      layout_basic, serial_shops, nicolae_shop_statue_plus,
          shapermc_ecumenical_altar_mp_highgroup, minmay_misc_feat_room
D:3:      layout_basic, uniq_jessica
D:4:      corexii_shantytown, layout_cave_pools,
          grunt_temple_overflow_bloody_war, minmay_temple_entry_butterflies

Skill      XL: |  1  2  3  4 |
---------------+-------------+-----
Long Blades    | 4 5 |  5.8
Fighting       | 3 |  3.5
Armour         | 1 2 |  2.6
Dodging        | 4 |  4.1
Throwing       | |  2.1
Stealth        | |  0.6

Action                   |  1- 3 |  4- 6 || total
-------------------------+-------+-------++-------
Melee: Long sword        |    66 |    16 ||    82
       Headbutt          |    10 |     4 ||    14
Invok: Curse Item        |     1 |       ||     1
  Use: Scroll            |     4 |     1 ||     5
Armor: Leather armour    |    12 |       ||    12
       Ring mail         |    26 |    10 ||    36
Dodge: Dodged            |    77 |    21 ||    98
